AoeStats
← stevenntqaz

Arena

507956937Analyzed
4v4 RM · 11d ago on Sep 20, 2026· 50m 30s· 8 players
Game mode
Random Map
Map size
Large (8 player)
Population
200
Speed
Normal
Resources
Standard
Victory
Conquest
Starting age
Dark Age
Ending age
Imperial Age
RankedLock teamsTeams togetherTeam positionsShared explorationLock speedFull tech treeHidden civsTurbo modeCheats
Victory
Defeat
🇭🇰 Huns · Hong Kong SAR China
1386
+9
🇹🇼 Saracens · Taiwan
1337
+11
🇹🇼 Teutons · Taiwan
1260
+14
🇨🇳 Bohemians · China
1160
+17
🇹🇼 Turks · Taiwan
1244
-14
🇹🇼 Muisca · Taiwan
1226
-13
🇨🇳 Portuguese · China
1188
-12
🇭🇰 Magyars · Hong Kong SAR China
1186
-12
alucard4566
10:29 Feudal Age
14:34 Castle Age
12:23 Horse Collar
12:31 Double-Bit Axe
13:19 Stone Mining
15:30 Bow Saw
15:22 Heavy Plow
17:09 Gold Mining
20:23 Wheelbarrow
19:34 Loom
24:08 Imperial Age
23:15 Scale Mail Armor
23:54 Forging
24:34 Sanctity
25:37 Block Printing
26:38 Fletching
26:48 Padded Archer Armor
27:47 Bodkin Arrow
28:10 Hand Cart
30:24 Conscription
31:03 Squires
33:50 Illumination
34:11 Bracer
35:26 Leather Archer Armor
37:30 Ballistics
37:46 Elite Guecha Warrior
39:45 Iron Casting
39:26 Chain Mail Armor
40:57 Chemistry
39:44 Pikeman
42:00 Plate Mail Armor
41:33 Champi Runner
43:56 Elite Temple Guard
stevenntqaz
12:31 Feudal Age
16:36 Castle Age
14:45 Double-Bit Axe
16:24 Horse Collar
21:06 Imperial Age
19:34 Bow Saw
23:05 Gold Mining
31:09 Loom
33:44 Wheelbarrow
35:15 Padded Archer Armor
35:34 Fletching
36:52 Two-Man Saw
38:50 Bombard Tower
40:59 Hand Cart
44:24 Bodkin Arrow
44:43 Fortified Wall
44:29 Murder Holes
46:34 Ballistics
46:50 Artillery
47:12 Conscription
波波菜
10:44 Feudal Age
11:51 Loom
14:47 Castle Age
13:03 Double-Bit Axe
13:00 Horse Collar
13:03 Man-at-Arms
15:29 Long Swordsman
17:35 Scale Mail Armor
19:52 Forging
20:04 Arson
21:15 Wheelbarrow
21:00 Chain Mail Armor
23:54 Gold Mining
26:28 Gambesons
34:25 Imperial Age
33:33 Bow Saw
34:09 Heavy Plow
34:28 Stone Mining
36:54 Chemistry
37:11 Two-Man Saw
37:16 Fletching
38:26 Hand Cart
37:39 Crossbowman
38:24 Bodkin Arrow
38:57 Ballistics
40:30 Conscription
40:51 Bracer
41:28 Padded Archer Armor
Mr.wang
9:54 Feudal Age
9:35 Loom
16:11 Castle Age
15:27 Double-Bit Axe
25:05 Stone Mining
26:23 Bloodlines
28:25 Wheelbarrow
28:26 Scale Barding Armor
29:36 Bow Saw
29:21 Gold Mining
32:07 Husbandry
33:30 Hand Cart
34:21 Gold Shaft Mining
33:36 Horse Collar
39:10 Imperial Age
38:26 Fletching
38:56 Chain Barding Armor
38:05 Light Cavalry
40:55 Two-Man Saw
40:42 Parthian Tactics
42:49 Bodkin Arrow
43:29 Plate Barding Armor
Happy new year
3:31 Loom
10:09 Feudal Age
15:28 Castle Age
13:56 Double-Bit Axe
20:03 Wheelbarrow
27:00 Imperial Age
24:42 Gold Mining
24:40 Town Watch
25:30 Scale Barding Armor
27:37 Chain Barding Armor
27:28 Forging
27:41 Bloodlines
27:45 Fortified Wall
27:04 Cavalier
31:50 Iron Casting
32:22 Plate Barding Armor
32:40 Hand Cart
33:10 Bloodlines
33:28 Capped Ram
34:18 Squires
39:08 Blast Furnace
43:48 Paladin
HPer
10:19 Feudal Age
14:08 Castle Age
12:12 Double-Bit Axe
12:50 Horse Collar
13:23 Loom
15:40 Bow Saw
17:54 Town Watch
18:57 Fletching
20:21 Stone Mining
20:57 Gold Mining
35:20 Wheelbarrow
36:07 Husbandry
36:33 Bloodlines
37:08 Hand Cart
39:18 Scale Barding Armor
42:14 Imperial Age
40:10 Forging
41:28 Chain Barding Armor
42:55 Gold Shaft Mining
43:05 Iron Casting
42:42 Elite Mameluke
45:10 Plate Barding Armor
44:58 Conscription
49:37 Blast Furnace
拿捏木村
10:35 Feudal Age
11:43 Double-Bit Axe
11:42 Horse Collar
14:10 Castle Age
19:40 Fletching
20:48 Bow Saw
21:06 Bodkin Arrow
21:30 Gold Mining
22:26 Padded Archer Armor
22:14 Loom
24:18 Wheelbarrow
24:00 Thumb Ring
24:16 Heavy Plow
24:46 Ballistics
24:32 Husbandry
25:34 Leather Archer Armor
26:46 Stone Mining
27:32 Gold Shaft Mining
28:02 Bloodlines
31:09 Imperial Age
29:11 Stone Mining
29:35 Heavy Plow
31:52 Bracer
32:53 Chemistry
32:22 Parthian Tactics
33:09 Conscription
32:24 Heavy Cavalry Archer
37:56 Scale Barding Armor
37:54 Marauders
38:31 Elite Tarkan
39:32 Chain Barding Armor
40:21 Forging
40:47 Plate Barding Armor
41:43 Coinage
43:41 Murder Holes
43:58 Masonry
44:28 Iron Casting
44:40 Capped Ram
50:26 Light Cavalry
潇洒打一架
11:13 Feudal Age
15:10 Castle Age
13:05 Double-Bit Axe
13:02 Horse Collar
16:17 Bow Saw
17:21 Fletching
20:32 Chemistry
25:10 Wheelbarrow
27:24 Bodkin Arrow
27:36 Husbandry
27:41 Heavy Plow
27:52 Scale Barding Armor
34:35 Elite Skirmisher
38:17 Imperial Age
38:42 Hand Cart
38:12 Loom
38:48 Padded Archer Armor
39:09 Chain Barding Armor
40:37 Bracer
Connection lost

Rejoining the realm…

Still unreachable

The connection could not be restored.

Session expired

The server has moved on; the page needs a fresh start.